Map: Echo LE (Void)

Players

Fropez - Winner!

  • Race: Protoss Protoss
  • League: Gold
  • Spawn Location: 5:00

ELECTRICIAN

  • Race: Zerg Zerg
  • League: Gold
  • Spawn Location: 11:00

VOD

Have the link to the VOD?

Description

Time

  • Played on: Dec. 31, 2016, 3:11 p.m.
  • Length: 17:26
Show
View Real Time Build Order
Export as new Build Order

Fropez Protoss - Winner!

Build Orders: 1 Gate Expand 

Get SALT Encoding   

  12  0:01  Probe (Chrono Boost)  
  13  0:11  Probe (Chrono Boost)  
  14  0:22  Pylon  
  14  0:27  Probe (Chrono Boost)  
  15  0:40  Probe (Chrono Boost)  
  15  0:42  Gateway  
  16  0:47  Assimilator  
  16  0:51  Probe (Chrono Boost)  
  17  1:01  Probe (Chrono Boost)  
  18  1:12  Probe (Chrono Boost)  
  19  1:25  Nexus  
  19  1:35  Cybernetics Core  
  19  1:36  Probe (Chrono Boost)  
  20  1:46  Probe (Chrono Boost)  
  21  1:51  Assimilator  
  21  2:02  Gateway  
  21  2:06  Probe (Chrono Boost)  
  22  2:17  Probe (Chrono Boost)  
  23  2:35  Pylon  
  25  2:37  Probe (Chrono Boost), Mothership Core (Chrono Boost)  
  26  2:48  Probe (Chrono Boost)  
  26  2:50  Warp Gate  
  26  2:51  Adept x2  
  31  3:01  Probe (Chrono Boost)  
  31  3:02  Pylon  
  31  3:03  Probe (Chrono Boost)  
  33  3:12  Probe (Chrono Boost)  
  34  3:15  Probe (Chrono Boost)  
  34  3:18  Stalker  
  37  3:20  Stalker  
  41  3:27  Probe (Chrono Boost)  
  41  3:28  Probe (Chrono Boost)  
  41  3:45  Probe (Chrono Boost)  
  41  3:47  Probe (Chrono Boost)  
  43  3:59  Pylon, Probe (Chrono Boost)  
  43  4:01  Probe (Chrono Boost)  
  45  4:04  Pylon  
  45  4:08  Pylon  
  42  4:10  Probe (Chrono Boost)  
  42  4:13  Probe (Chrono Boost)  
  43  4:24  Pylon  
  43  4:28  Gateway  
  43  4:30  Probe (Chrono Boost)  
  45  4:32  Probe (Chrono Boost)  
  45  4:34  Stalker x2  
  49  4:40  Forge  
  49  4:41  Probe (Chrono Boost)  
  49  4:44  Probe (Chrono Boost)  
  50  4:51  Probe (Chrono Boost)  
  51  4:56  Probe (Chrono Boost), Gateway  
  51  4:57  Gateway, Protoss Ground Weapons Level 1  
  52  5:02  Twilight Council  
  52  5:06  Probe (Chrono Boost), Robotics Facility  
  49  5:07  Gateway  
  49  5:09  Probe (Chrono Boost)  
  49  5:11  Assimilator  
  49  5:14  Assimilator  
  50  5:21  Probe (Chrono Boost)  
  52  5:22  Probe (Chrono Boost)  
  52  5:26  Resonating Glaives  
  52  5:29  Adept x2  
  52  5:32  Probe (Chrono Boost)  
  52  5:35  Probe (Chrono Boost)  
  58  5:41  Photon Cannon  
  57  5:44  Probe (Chrono Boost)  
  57  5:47  Probe (Chrono Boost)  
  56  5:52  Adept x3  
  56  5:54  Warp Prism  
  64  6:00  Probe (Chrono Boost)  
  64  6:01  Probe (Chrono Boost)  
  66  6:07  Adept  
  67  6:13  Probe x2 (Chrono Boost)  
  65  6:19  Photon Cannon  
  65  6:25  Probe x2 (Chrono Boost)  
  67  6:30  Nexus  
  67  6:32  Pylon  
  67  6:34  Pylon, Stalker  
  67  6:35  Protoss Ground Weapons Level 2  
  67  6:37  Probe (Chrono Boost)  
  70  6:52  Probe x2 (Chrono Boost)  
  72  6:58  Stalker x4  
  80  7:04  Probe x2 (Chrono Boost)  
  84  7:16  Probe x2 (Chrono Boost)  
  84  7:22  Gateway  
  84  7:24  Photon Cannon  
  84  7:26  Gateway  
  84  7:28  Probe x2 (Chrono Boost)  
  86  7:42  Pylon, Observer  
  86  7:43  Probe x2 (Chrono Boost)  
  89  7:44  Pylon  
  89  7:45  Adept x3  
  89  7:46  Adept  
  97  8:06  Pylon, Forge, Observer  
  97  8:10  Adept  
  97  8:11  Adept x3  
  102  8:13  Assimilator  
  102  8:16  Assimilator  
  102  8:19  Pylon  
  100  8:20  Probe x2 (Chrono Boost)  
  100  8:23  Adept  
  102  8:30  Pylon  
  102  8:32  Probe x2 (Chrono Boost)  
  104  8:39  Protoss Ground Weapons Level 3  
  104  8:41  Adept x4  
  106  8:42  Adept  
  106  8:48  Protoss Ground Armor Level 1  
  114  8:58  Robotics Facility  
  114  8:59  Gateway  
  114  9:01  Pylon, Probe x2 (Chrono Boost)  
  116  9:06  Pylon  
  116  9:12  Adept x4  
  116  9:13  Adept x2  
  124  9:37  Adept x6  
  132  9:54  Immortal x2  
  136  10:01  Pylon  
  126  10:08  Adept x5  
  126  10:09  Adept x2  
  132  10:19  Nexus  
  132  10:22  Pylon  
  132  10:25  Pylon, Dark Shrine  
  132  10:27  Pylon  
  132  10:30  Pylon  
  132  10:33  Adept x6, Pylon  
  132  10:34  Adept  
  136  10:57  Gateway, Immortal x2  
  144  10:58  Protoss Ground Armor Level 2, Gateway  
  144  11:00  Gateway  
  144  11:04  Protoss Shields Level 1  
  144  11:05  Gateway  
  144  11:13  Stalker x4  
  144  11:14  Stalker x3  
  158  11:20  Blink  
  161  11:25  Probe (Chrono Boost)  
  161  11:27  Probe x2 (Chrono Boost)  
  161  11:39  Probe (Chrono Boost)  
  162  11:42  Photon Cannon  
  162  11:44  Gateway  
  162  11:47  Gateway  
  162  11:49  Photon Cannon  
  162  11:50  Gateway  
  152  11:54  Photon Cannon  
  133  12:14  Stalker x5  
  133  12:15  Stalker  
  107  12:44  Assimilator  
  101  12:45  Adept x5  
  101  12:46  Adept x3  
  101  12:48  Assimilator  
  115  12:57  Stalker x3  
  103  13:09  Pylon x2  
  103  13:12  Pylon  
  103  13:13  Photon Cannon  
  103  13:14  Adept  
  103  13:15  Adept x6  
  117  13:40  Nexus  
  113  13:59  Dark Templar x6  
  113  14:00  Dark Templar x2  
  129  14:16  Dark Templar x2  
  129  14:17  Dark Templar  
  135  14:32  Protoss Ground Armor Level 3  
  135  14:38  Protoss Shields Level 2  
  135  14:49  Zealot x6  
  135  14:50  Zealot x4  
  155  14:59  Probe (Chrono Boost)  
  148  15:16  Stalker x4  
  156  15:28  Stalker x3  
  162  15:30  Probe (Chrono Boost)  
  152  15:50  Dark Templar  
  152  15:53  Stalker  
  152  15:54  Stalker x3  
  158  16:17  Adept x5  
  166  16:39  Nexus  
  162  16:45  Pylon  
  158  17:00  Pylon  
  158  17:19  Photon Cannon  
  158  17:22  Zealot x2  
Show
View Real Time Build Order
Export as new Build Order

ELECTRICIAN Zerg 

Build Orders: Hatch First 

Get SALT Encoding   

  12  0:01  Drone  
  13  0:09  Drone  
  14  0:16  Overlord  
  14  0:37  Drone  
  15  0:46  Hatchery  
  14  0:55  Drone x2  
  16  1:01  Extractor  
  15  1:14  Spawning Pool  
  15  1:15  Drone  
  15  1:19  Drone  
  15  1:23  Drone  
  17  1:28  Drone  
  18  1:39  Overlord  
  18  1:55  Drone  
  18  1:58  Drone  
  20  2:03  Queen  
  22  2:09  Evolution Chamber  
  22  2:10  Drone x2  
  23  2:15  Queen  
  25  2:25  Drone x2  
  27  2:30  Metabolic Boost  
  27  2:34  Drone  
  28  2:37  Drone  
  28  2:41  Drone  
  30  2:58  Drone x4  
  34  3:06  Zergling x4  
  36  3:16  Overlord x3  
  36  3:23  Zerg Missile Weapons Level 1  
  36  3:34  Zergling x2  
  36  3:36  Zergling x2  
  36  3:38  Zergling x2  
  38  3:46  Zergling x6, Hatchery  
  38  3:47  Zergling x2  
  41  4:06  Lair  
  40  4:11  Drone x2  
  40  4:12  Drone x3  
  40  4:17  Extractor  
  44  4:23  Extractor  
  43  4:30  Zergling x6  
  43  4:31  Zergling x8  
  50  4:51  Drone  
  51  4:53  Drone x3  
  52  5:15  Queen  
  52  5:50  Queen  
  43  6:26  Roach Warren  
  43  6:30  Zerg Missile Weapons Level 2  
  42  6:38  Evolution Chamber  
  41  6:53  Drone x11  
  41  6:54  Drone x4  
  56  7:16  Hydralisk Den  
  56  7:19  Extractor  
  56  7:20  Overlord  
  56  7:21  Overlord x10, Hatchery  
  53  7:31  Extractor  
  52  7:41  Roach x8  
  52  7:42  Roach x2  
  72  7:54  Roach x3  
  72  7:55  Roach x2  
  67  8:23  Drone x11  
  67  8:27  Hydralisk x5  
  78  8:31  Drone x3  
  78  8:33  Drone  
  92  8:35  Drone  
  92  8:40  Queen x4  
  101  8:42  Hydralisk x2  
  101  8:45  Hydralisk x2  
  101  8:47  Hydralisk  
  111  8:53  Zerg Ground Armor Level 1  
  111  9:01  Infestation Pit  
  110  9:04  Hydralisk x2  
  110  9:09  Hydralisk x2  
  114  9:15  Queen x3  
  114  9:16  Queen  
  122  9:29  Hydralisk  
  122  9:30  Hydralisk  
  99  9:49  Drone x8  
  99  9:50  Drone x10  
  99  9:52  Burrow  
  114  10:04  Hive  
  93  10:50  Hydralisk  
  93  10:51  Hydralisk x5  
  105  10:59  Drone x3  
  105  11:01  Drone x3  
  111  11:07  Glial Reconstitution  
  111  11:30  Zerg Missile Weapons Level 3  
  111  11:36  Zergling x2  
  111  11:37  Zergling x30  
  127  11:43  Ravager  
  104  12:29  Hydralisk  
  95  12:30  Hydralisk x5  
  95  12:31  Roach x9  
  95  12:32  Roach  
  67  13:06  Roach  
  67  13:07  Roach x4  
  71  13:15  Drone x2  
  73  13:21  Roach  
  75  13:46  Drone x3  
  75  13:47  Drone  
  77  14:06  Roach x3  
  83  14:17  Hydralisk  
  85  14:36  Overseer  
  85  14:37  Overseer  
  82  14:42  Hydralisk x2  
  73  14:52  Roach  
  57  15:44  Hydralisk x2  
  46  16:26  Extractor  
  36  16:38  Extractor  
Tags
 
Add a new tag
Caveats
  • Supply blocks, unpowered buildings, or Contaminate may cause inaccurate times.
  • Supply counts are checked every 10 seconds.